 Dungeon Crawl Stone Soup version 0.28.0-43-g3370ac3207 (webtiles) character file.

Game seed: 900008042598935674

7580 vvl the Fighter (level 10, -18/88 HPs)
             Began as a Grey Draconian Venom Mage on Mar 24, 2022.
             Was a Believer of Kikubaaqudgha.
             Demolished by Snorg (23 damage)
             ... on level 10 of the Dungeon.
             The game lasted 00:30:56 (15220 turns).

vvl the Fighter (Grey Draconian Venom Mage)        Turns: 15220, Time: 00:30:57

Health: -18/88     AC: 12    Str: 10    XL:     10   Next: 97%
Magic:  17/20      EV: 13    Int: 20    God:    Kikubaaqudgha [**....]
Gold:   331        SH:  0    Dex: 12    Spells: 17/23 levels left

rFire   . . .      SeeInvis .   z - +2 dagger (venom)
rCold   . . .      Faith    .   (no shield)
rNeg    . . .      Spirit   .   (armour unavailable)
rPois   .          Reflect  .   (helmet restricted)
rElec   .          Harm     .   (no cloak)
rCorr   .          Rampage  .   (no gloves)
Will    .....                   (no boots)
Stlth   ++........              l - amulet of the acrobat
HPRegen 0.24/turn               (no ring)
MPRegen 0.17/turn               (no ring)

@: hasted, very quick
A: AC +12, amphibious, unfitting armour, cold-blooded
a: Renounce Religion, Receive Corpses


You were on level 10 of the Dungeon.
You worshipped Kikubaaqudgha.
Kikubaaqudgha was pleased with you.
You visited 2 branches of the dungeon, and saw 12 of its levels.
You also visited: Sewer.

You collected 587 gold pieces.
You spent 256 gold pieces at shops.

Inventory:

Hand Weapons
 g - the +8 hand axe of Irrepressible Laughter {pain, rN+ Will- Dex+5}
   (You bought it in a shop on level 8 of the Dungeon)

   In the hands of one skilled in necromantic magic, it inflicts extra damage on
   living creatures.
   Dex:       It affects your dexterity (+5).
   rN:        It protects you from negative energy.
   Will:      It decreases your willpower.
 z - a +2 dagger of venom (weapon)
 A - a +3 dire flail of holy wrath
 H - a +2 whip of freezing
 I - a +2 spear of flaming
Missiles
 E - 4 throwing nets
Magical Staves
 D - a staff of earth
 L - a staff of air
 M - a staff of poison
Jewellery
 l - an amulet of the acrobat (around neck)
 q - an amulet of regeneration
 K - a ring of fire
Wands
 s - a wand of charming (5)
 v - a wand of acid (6)
 y - a wand of polymorph (8)
 C - a wand of iceblast (4)
 G - a wand of digging (2)
Scrolls
 d - 2 scrolls of fear {unknown}
 e - a scroll of immolation {unknown}
 f - 6 scrolls of teleportation {unknown}
 h - 13 scrolls of identify {unknown}
 i - 2 scrolls of blinking {unknown}
 j - a scroll of brand weapon {unknown}
 m - 2 scrolls of enchant armour {unknown}
 n - a scroll of enchant weapon {unknown}
 p - 2 scrolls of vulnerability {unknown}
 t - a scroll of fog {unknown}
 w - a scroll of magic mapping {unknown}
Potions
 a - 2 potions of cancellation {unknown}
 b - 4 potions of degeneration {unknown}
 c - 8 potions of curing
 k - 2 potions of lignification {unknown}
 o - 2 potions of flight {unknown}
 r - a potion of brilliance {unknown}
 u - 2 potions of haste
 x - a potion of might
 B - a potion of resistance {unknown}
 F - 3 potions of attraction {unknown}
 J - a potion of invisibility


   Skills:
 + Level 8.1 Fighting
 + Level 5.3 Dodging
 - Level 2.0 Stealth
 + Level 7.1 Spellcasting
 + Level 6.6 Necromancy
 - Level 5.0 Transmutations
 + Level 8.0 Earth Magic
 - Level 6.0 Poison Magic


You had 17 spell levels left.
You knew the following spells:

 Your Spells              Type           Power      Damage    Failure   Level
a - Sting                 Tmut/Pois      100%       1d8       1%          1
b - Olgreb's Toxic Radia  Pois           31%        N/A       8%          4
c - Animate Skeleton      Necr           66%        N/A       1%          1

Your spell library contained the following spells:

 Spells                   Type           Power      Damage    Failure   Level
 Pain                     Necr           100%       1d9       1%          1
 Sublimation of Blood     Necr           33%        N/A       1%          2
 Poisonous Vapours        Pois/Air       38%        N/A       4%          2
 Summon Small Mammal      Summ           28%        N/A       10%         1
 Mephitic Cloud           Conj/Pois/Air  15%        N/A       12%         3
 Agony                    Necr           33%        N/A       17%         5
 Call Canine Familiar     Summ           7%         N/A       28%         3
 Summon Guardian Golem    Hex/Summ       7%         N/A       28%         3


Dungeon Overview and Level Annotations

Branches:
Dungeon (11/15)            Temple (1/1) D:5             Orc (0/2) D:9
  Sewer (visited)
   Lair: D:8-11

Altars:
Ashenzari
Cheibriados
Dithmenos
Elyvilon
Fedhas
Gozag
Hepliaklqana
Kikubaaqudgha
Makhleb
Nemelex Xobeh
Okawaru
Qazlal
Ru
Sif Muna
Trog
Uskayaw
Vehumet
Wu Jian
Xom
Yredelemnul
Zin
The Shining One

Shops:
D:8 [(

Annotations:
D:3 3 runed translucent doors, cbfl8's ghost, weakling MiDe
D:10 Snorg


Innate Abilities, Weirdness & Mutations

Your dull iron-grey scales are very hard. (AC +12)
You are amphibious.
You cannot fit into any form of body armour.
You are cold-blooded and may be slowed by cold attacks.


Message History

You can't see any susceptible monsters within range! (Use Z to cast anyway.)
The sting hits Snorg.
Snorg is poisoned.
Snorg is lightly wounded.
Snorg shouts!
Snorg goes berserk!
The sting hits Snorg.
Snorg looks even sicker.
Snorg is lightly wounded.
The sting hits Snorg!
Snorg looks even sicker.
Snorg is lightly wounded.
Snorg bites you. Snorg barely misses you. Snorg completely misses you.
The sting hits Snorg.
Snorg looks as sick as possible!
Snorg is lightly wounded.
Snorg bites you. Snorg closely misses you. Snorg claws you. Snorg misses you.
Snorg claws you! x2
Aiming: Corrosive Bolt
Press: ? - help, Shift-Dir - straight line, f/p - Snorg
Aim: Snorg (lightly wounded, berserk, extremely poisoned, 71% to hit)
The bolt of acid hits Snorg!
The acid corrodes Snorg!
Snorg is lightly wounded.
Snorg bites you. Snorg claws you but does no damage. Snorg claws you!
Aiming: Corrosive Bolt
Press: ? - help, Shift-Dir - straight line, f/p - Snorg
Aim: Snorg (moderately wounded, berserk, extremely poisoned, covered in acid, 71% to hit)
The bolt of acid hits Snorg!
Snorg seems to be corroded for longer.
Snorg is moderately wounded.
Snorg bites you. Snorg claws you! x2
* * * LOW HITPOINT WARNING * * *
Snorg bites you.
* * * LOW HITPOINT WARNING * * *
Snorg claws you.
* * * LOW HITPOINT WARNING * * *
Snorg claws you.
* * * LOW HITPOINT WARNING * * *
Aiming: Charm
Press: ? - help, Shift-Dir - straight line, f/p - Snorg
Aim: Snorg (moderately wounded, berserk, extremely poisoned, covered in acid, chance to affect: 17%)
Okay, then.
You feel yourself speed up. Snorg bites you!!
You die...
Kikubaaqudgha rasps: "You have failed me!
Welcome... death!"

#.......#########.#########...
#...........### #.# #...
#...........'.# #.#########..#
#...........#.# #.............
######......#.# ############.#
#......#.# #....... ##+#####.#
#.####.# ##.#####.#######
#....
+......T@................
##.#####.###..#####.#.#.. #.#
# # #.#.# #.# ..#.# #.# ...#.#
#.# ....#.# #.. .....#.# #..
#+# ...


You could see Snorg (berserk, very poisoned, corroded).

Vanquished Creatures
  A two-headed ogre (D:9)
  The ghost of boopmooplesden the Carver, a novice MiBe of Trog (D:7)
  Pikel (D:8)
  Joseph (D:7)
  A hornet (D:9)
  Prince Ribbit (D:7)
  A wyvern (D:8)
  5 yaks (D:9)
  2 vampire mosquitoes (D:10)
  Edmund (D:6)
  Duvessa (D:6)
  A water moccasin (D:6)
  A sky beast (D:6)
  2 orc warriors (D:9)
  A black bear (D:4)
  A hornet zombie (D:7)
  2 centaurs
  4 ogres
  4 lemures (D:8)
  2 kobold brigands
  A gnoll sergeant (D:9)
  Blork the orc (D:4)
  5 scorpions
  A wyvern zombie (D:8)
  A wyvern skeleton (D:7)
  Dowan (D:6)
  15 killer bees
  4 howler monkeys
  2 bullfrog zombies (D:6)
  3 orc priests
  6 hounds
  2 gnoll shamans
  An iguana (D:4)
  6 orc wizards
  2 killer bee zombies
  A hound zombie (D:5)
  10 adders
  19 gnolls
  8 river rats (Sewer)
  2 white imps
  2 ufetubi
  An adder skeleton (D:5)
  A worm (D:3)
  4 dart slugs
  15 orcs
  16 ball pythons
  5 bats
  2 endoplasms
  3 giant cockroaches
  10 goblins
  10 hobgoblins
  20 kobolds
  A quokka (D:1)
  5 frilled lizards
  12 rats
232 creatures vanquished.

Vanquished Creatures (collateral kills)
  Maggie (D:7)
  A jelly (D:7)
2 creatures vanquished.

Vanquished Creatures (others)
  An orc wizard (D:9)
  2 fungi (D:1)
  2 plants (D:1)
5 creatures vanquished.

Grand Total: 239 creatures vanquished

Notes
Turn   | Place    | Note
-------+----------+-------------------------------------------
     0 | D:1      | vvl the Draconian Venom Mage began the quest for the Orb.
     0 | D:1      | Reached XP level 1. HP: 14/14 MP: 3/3
   358 | D:1      | Reached XP level 2. HP: 22/22 MP: 0/5
   477 | D:1      | Found a faded altar of an unknown god.
   777 | D:1      | Reached XP level 3. HP: 27/27 MP: 6/6
   887 | D:1      | Reached skill level 1 in Fighting
  1613 | D:2      | Found Qoawky Waezi's Jewellery Shoppe.
  1944 | D:3      | Reached XP level 4. HP: 35/35 MP: 7/7
  2459 | D:3      | Found a glowing drain.
  2487 | Sewer    | Entered a sewer
  2718 | Sewer    | Reached XP level 5. HP: 35/41 MP: 5/9
  4262 | D:3      | Found a runed translucent gate.
  4262 | D:3      | Found a runed translucent gate.
  4262 | D:3      | Found an opulent altar of Gozag.
  4268 | D:3      | Found a runed translucent gate.
  4271 | D:3      | Noticed cbfl8's ghost (weakling MiDe)
  4571 | D:3      | Learned a level 4 spell: Olgreb's Toxic Radiance
  4652 | D:4      | Noticed a black bear
  4661 | D:4      | Killed a black bear
  4662 | D:4      | Reached skill level 5 in Poison Magic
  4662 | D:4      | Reached XP level 6. HP: 36/50 MP: 4/10
  5344 | D:4      | Noticed Blork the orc
  5353 | D:4      | Killed Blork the orc
  5936 | D:5      | Entered Level 5 of the Dungeon
  6094 | D:5      | Your scales start taking on a dull iron-grey colour.
  6094 | D:5      | Reached XP level 7. HP: 49/57 MP: 7/12
  6245 | D:5      | Found a staircase to the Ecumenical Temple.
  6319 | D:5      | Reached skill level 1 in Earth Magic
  6349 | Temple   | Entered the Ecumenical Temple
  6787 | Temple   | Became a worshipper of Kikubaaqudgha
  6797 | D:5      | Reached skill level 1 in Necromancy
  7132 | D:5      | Reached XP level 8. HP: 56/66 MP: 9/14
  7774 | D:6      | Reached * piety under Kikubaaqudgha
  7774 | D:6      | Received a gift from Kikubaaqudgha
  7807 | D:6      | Noticed Dowan
  7823 | D:6      | Noticed Duvessa
  7828 | D:6      | Killed Dowan
  7829 | D:6      | Reached skill level 5 in Fighting
  7841 | D:6      | Killed Duvessa
  8535 | D:6      | Learned a level 1 spell: Animate Skeleton
  8686 | D:6      | Reached skill level 5 in Spellcasting
  8686 | D:6      | Reached skill level 5 in Transmutations
  8735 | D:6      | Reached XP level 9. HP: 74/74 MP: 11/16
  8933 | D:6      | Noticed Edmund
  8957 | D:6      | Killed Edmund
  9252 | D:7      | Noticed Joseph
  9690 | D:7      | Killed Joseph
  9691 | D:7      | Reached skill level 5 in Earth Magic
 10012 | D:7      | Noticed Prince Ribbit
 10027 | D:7      | Killed Prince Ribbit
 10145 | D:7      | Noticed Maggie
 10162 | D:7      | Killed Maggie
 10950 | D:7      | Found a shimmering altar of Xom.
 10950 | D:7      | Found a hide-covered altar of Uskayaw.
 10950 | D:7      | Found an ornate altar of the Wu Jian Council.
 10963 | D:7      | Found a shadowy altar of Dithmenos.
 10969 | D:7      | Found a broken altar of Ashenzari.
 10974 | D:7      | Found a shimmering blue altar of Sif Muna.
 10980 | D:7      | Found a basalt altar of Yredelemnul.
 11350 | D:7      | Reached skill level 5 in Necromancy
 11675 | D:7      | Found a runed translucent door.
 11677 | D:7      | Noticed boopmooplesden's ghost (novice MiBe)
 11958 | D:7      | Killed boopmooplesden's ghost
 11959 | D:7      | Reached XP level 10. HP: 37/84 MP: 19/19
 12195 | D:8      | Found a snail-covered altar of Cheibriados.
 12195 | D:8      | Found Cheibriados's Comfort Zone.
 12218 | D:8      | Noticed Pikel
 12240 | D:8      | Killed Pikel
 12469 | D:8      | Found an iron altar of Okawaru.
 12769 | D:8      | Found Zuol's Antique Weapon Shop.
 12777 | D:8      | Bought a smouldering hand axe for 256 gold pieces
 12777 | D:8      | Identified the +8 hand axe of Irrepressible Laughter {pain,
                  | rN+ Will- Dex+5} (You bought it in a shop on level 8 of the
                  | Dungeon)
 13318 | D:9      | Reached ** piety under Kikubaaqudgha
 13962 | D:9      | Noticed a two-headed ogre
 14001 | D:9      | Killed a two-headed ogre
 14002 | D:9      | Reached skill level 5 in Dodging
 14553 | D:9      | Paralysed by a hornet for 1 turns
 14679 | D:9      | Found a staircase to the Orcish Mines.
 14831 | D:10     | Entered Level 10 of the Dungeon
 14831 | D:10     | You fall into a shaft and drop 1 floor!
 14831 | D:11     | Noticed an eight-headed hydra
 15211 | D:10     | Noticed Snorg
 15218 | D:10     | HP: 4/88 [Snorg (1)]
 15220 | D:10     | Demolished by Snorg

Illustrated notes

Levels and vault maps discovered:
D:1:      dpeg_arrival_leaves_temple_mockup, layout_basic,
          shapermc_ecumenical_altar_rom_forum, minmay_tetromino_s2
D:2:      layout_rooms, serial_shops, shop
D:3:      layout_basic, ebering_ghost_gozag, cheibrodos_sewer_entry_sluice
D:4:      layout_basic, uniq_blork_the_orc
D:5:      layout_rooms, minmay_temple_entry_arrows, minivault_25
D:6:      layout_gridville, uniq_duvessa, uniq_edmund
D:7:      layout_layer_cave, grunt_temple_overflow_octagram,
          ebering_ghost_reflecting_pool, uniq_prince_ribbit1, uniq_joseph,
          uniq_maggie
D:8:      nicolae_BIG_FREAKIN_CUBE, layout_loops_ring,
          okawaru_altar_gauntlet_db, serial_shops, nicolae_diamond_shop,
          minmay_shop_chei, chequers_serial_rivers_micro_a, uniq_pikel
D:9:      layout_irregular_city, orc_0_dummy
D:10:     layout_basic, uniq_snorg
D:11:     layout_rooms, erik_lair_orcish_takeover, gammafunk_ghost_smash,
          minivault_28, uniq_grum, uniq_sonja
Temple:   zaba_magenta_temple

Skill      XL: |  1  2  3  4  5  6  7  8  9 10 |
---------------+-------------------------------+-----
Stealth        | 2 |  2.0
Dodging        | 2 4 5 |  5.3
Fighting       | 1 2 3 4 5 6 8 |  8.1
Poison Magic   | 4 5 6 |  6.0
Transmutations | 2 3 5 |  5.0
Spellcasting   | 3 4 5 6 7 |  7.1
Earth Magic    | 2 4 6 8 |  8.0
Necromancy     | 1 3 5 6 |  6.6

Action                   |  1- 3 |  4- 6 |  7- 9 | 10-12 || total
-------------------------+-------+-------+-------+-------++-------
Melee: Short sword       |    81 |       |       |       ||    81
       Unarmed           |     3 |       |     1 |       ||     4
       Tailslap          |    12 |    10 |    30 |    29 ||    81
       Punch             |     1 |     2 |     1 |     1 ||     5
       Dagger            |    19 |   124 |   148 |   101 ||   392
       Dire flail        |       |       |    12 |    23 ||    35
 Cast: Sting             |    35 |   111 |   149 |    14 ||   309
       Olgreb's Toxic Ra |       |       |    13 |    20 ||    33
       Animate Skeleton  |       |       |     3 |       ||     3
Evoke: Wand              |       |       |     5 |     2 ||     7
  Use: Potion            |       |       |       |     1 ||     1
 Stab: Sleeping          |     3 |     3 |       |       ||     6
Armor: Skin              |    39 |    54 |   123 |    54 ||   270
Dodge: Dodged            |    78 |   116 |   214 |   106 ||   514
